 Dungeon Crawl Stone Soup version 0.19-a0-805-g0a78ef0 (webtiles) character file.

243 Stormbringer the Ducker (level 5, -2/41 HPs)
             Began as a Mummy Monk on June 27, 2016.
             Slain by an orc priest
             ... wielding a +0 hand axe
              (8 damage)
             ... on level 4 of the Dungeon.
             The game lasted 00:17:10 (7866 turns).

Stormbringer the Ducker (Mummy Monk)                Turns: 7866, Time: 00:17:11

Health: -2/41      AC:  0    Str: 15    XL:     5   Next: 82%
Magic:  5/5        EV: 14    Int:  4    God:
Gold:   101        SH:  0    Dex: 15    Spells: 0 memorised, 4 levels left

rFire  x . .     SeeInvis .       - Unarmed
rCold  + . .     Gourm    .     (no armour)
rNeg   + + +     Faith    .     (no shield)
rPois  ∞         Spirit   .     (no helmet)
rElec  .         Dismiss  .     (no cloak)
rCorr  .         Reflect  .     (no gloves)
SustAt .         Harm     .     (no boots)
MR     .....                    (no amulet)
Stlth  ++........               c - -5 ring of intelligence (curse)
                                (no ring)

@: not resistant to hostile enchantments, unstealthy
A: no food or potions, fire vulnerability, cold resistance 1, negative energy
resistance 3, torment resistance, unbreathing
a: no special abilities


You were on level 4 of the Dungeon.
You were not hungry.

You visited 1 branch of the dungeon, and saw 4 of its levels.

You collected 101 gold pieces.


Innate Abilities, Weirdness & Mutations

You do not eat or drink.
Your flesh is vulnerable to fire.
You are immune to poison.
Your flesh is cold resistant. (rC+)
You are immune to negative energy. (rN+++)
You are immune to unholy pain and torment.
You can survive without breathing.


   Skills:
 - Level 3.0 Fighting
 + Level 4.4 Dodging
 - Level 1.5 Stealth
 - Level 4.0 Unarmed Combat


You had 4 spell levels left.
You didn't know any spells.

Inventory:

Jewellery
 c - a cursed -5 ring of intelligence (right hand)
Scrolls
 a - a scroll of recharging {unknown}
 b - 2 scrolls of identify {unknown}
 d - 2 scrolls of enchant weapon {unknown}
 e - 2 scrolls of fog {unknown}
 f - a scroll of remove curse {unknown}
 h - a scroll of magic mapping {unknown}
 i - a scroll of fear {unknown}
 j - a scroll of immolation {unknown}
Comestibles
 g - a bread ration (quivered)

Dungeon Overview and Level Annotations

Branches:
Dungeon (4/15)
 Temple: D:4-7

Altars:
Dithmenos
Hepliaklqana

Annotations:
D:3 exclusion: downstairs, Grinder

.. .▒ .▒
▒▒▒▒▒.▒▒▒▒▒
▒.........▒
▒.........▒
▒.........▒
▒>.oMo...(▒
▒..(......▒
▒..........▒
▒..........▒
▒..........▒
▒..........▒
▒....£.....▒
▒▒▒▒▒▒▒▒▒▒..


You could see an orc priest and an orc.


Message History

The orc priest hits you with a hand axe! * * * don't die
* * * The orc barely misses you!
You completely miss the orc priest!
The orc priest is heavily wounded!
The orc priest hits you but does no damage!
The orc closely misses you!
You beat the orc priest into a bloody pulp!
The orc priest is heavily wounded!
The orc priest closely misses you! The orc closely misses you!
You closely miss the orc priest!
The orc priest is heavily wounded!
The orc priest hits you with a hand axe! * * * don't die
* * * The orc misses you!
You beat the orc priest but do no damage!
The orc priest is heavily wounded!
The orc priest hits you but does no damage!
The orc closely misses you!
You pulverise the orc priest!
The orc priest is severely wounded!
You pummel the orc priest like a punching bag!
The orc priest is severely wounded!
The orc closely misses you! The orc priest closely misses you!
You beat the orc priest but do no damage!
The orc priest is severely wounded!
The orc hits you! * * * don't die
* * * The orc priest hits you with a hand axe!!! rip

Action                   |  1- 3 |  4- 6 || total
-------------------------+-------+-------++-------
Melee: Unarmed           |   162 |   299 ||   461
       Punch             |     5 |     6 ||    11
 Stab: Sleeping          |     5 |     3 ||     8
       Distracted        |       |     1 ||     1
Dodge: Dodged            |   106 |   190 ||   296

Vault maps used:
D:1:      kennysheep_arrival_forest
D:2:      nicolae_overflow_crystal_walls, first_bread, roderic_st_hans_cross,
          grunt_ministairs_4, tgw_xom
D:3:      minmay_misc_feat_more_columns, uniq_grinder, uniq_jessica
D:4:      cheibriados_altar_1, kennysheep_mini_moat,
          nicolae_overflow_hidden_temple

Notes
Turn   | Place    | Note
--------------------------------------------------------------
     0 | D:1      | Stormbringer the Mummy Monk began the quest for the Orb.
     0 | D:1      | Reached XP level 1. HP: 18/18 MP: 1/1
   330 | D:1      | Reached skill level 3 in Unarmed Combat
   330 | D:1      | Reached XP level 2. HP: 23/24 MP: 2/2
   985 | D:1      | Reached XP level 3. HP: 21/29 MP: 3/3
  2192 | D:2      | Found a hazy altar of Hepliaklqana.
  2205 | D:2      | Reached skill level 4 in Unarmed Combat
  2499 | D:2      | Reached XP level 4. HP: 25/35 MP: 4/4
  2938 | D:2      | HP: 3/35 [adder (5)]
  3416 | D:2      | Reached skill level 3 in Dodging
  4485 | D:3      | Noticed Jessica
  4582 | D:3      | HP: 3/35 [gnoll/halberd (6)]
  5194 | D:3      | Noticed Grinder
  5202 | D:3      | Reached XP level 5. HP: 38/41 MP: 5/5
  5575 | D:3      | Killed Jessica
  5575 | D:3      | Reached skill level 4 in Dodging
  5921 | D:3      | Paralysed by Grinder for 7 turns
  6097 | D:3      | Paralysed by Grinder for 7 turns
  6111 | D:3      | Paralysed by Grinder for 6 turns
  6116 | D:3      | HP: 2/41 [Grinder (5)]
  6428 | D:3      | Paralysed by Grinder for 5 turns
  6437 | D:3      | Paralysed by Grinder for 6 turns
  7812 | D:4      | Found a shadowy altar of Dithmenos.
  7866 | D:4      | Slain by an orc priest

Vanquished Creatures
  Jessica (D:3)
  4 gnolls (D:3)
  6 adders
  2 oozes
  A worm (D:3)
  3 dart slugs
  5 giant geckos
  6 orcs
  6 giant cockroaches
  13 goblins
  6 hobgoblins
  5 jackals
  A quokka (D:3)
  4 ball pythons
  12 bats
  5 giant newts
  9 kobolds
  13 rats
102 creatures vanquished.
